 Dungeon Crawl Stone Soup version 0.28.0-45-g0d030f2227 (webtiles) character file.

Game seed: 835036472372155088

214 101zpm the Magician (level 6, -4/41 HPs)
             Began as a Djinni Ice Elementalist on Apr 11, 2022.
             Slain by Grinder (9 damage)
             ... on level 3 of the Dungeon.
             The game lasted 00:07:09 (4445 turns).

101zpm the Magician (Djinni Ice Elementalist)       Turns: 4445, Time: 00:07:11

Health: -4/41      AC:  2    Str:  7    XL:     6   Next: 14%
Gold:   91         EV: 12    Int: 18    God:
                   SH:  0    Dex: 14

rFire   + + .      SeeInvis .   (no weapon)
rCold   x . .      Faith    .   (no shield)
rNeg    + . .      Spirit   .   a - +0 robe
rPois   ∞          Reflect  .   (no helmet)
rElec   .          Harm     .   (no cloak)
rCorr   .          Rampage  .   (no gloves)
Will    .....                   (boots unavailable)
Stlth   ++........              (no amulet)
HPRegen 0.13/turn               b - ring of positive energy
MPRegen 0.00/turn               (no ring)

@: freezing walls, flying
A: sickness immunity, fire resistance 2, cold vulnerability 1, float, innate
caster, HP casting, extra vitality 1
a: no special abilities


You were on level 3 of the Dungeon.
You visited 1 branch of the dungeon, and saw 3 of its levels.

You collected 91 gold pieces.

Inventory:

Missiles
 f - 3 poisoned darts
 g - 27 stones
 h - 23 sling bullets
Armour
 a - a +0 robe (worn)
Jewellery
 b - a ring of positive energy (left hand)
 m - an amulet of the acrobat
Scrolls
 c - 2 scrolls of immolation {unknown}
 i - a scroll of amnesia {unknown}
 j - 3 scrolls of identify {unknown}
 l - a scroll of holy word {unknown}
Potions
 d - a potion of heal wounds {unknown}
 e - 2 potions of lignification {unknown}
 k - a potion of berserk rage {unknown}


   Skills:
 + Level 0.7 Fighting
 + Level 2.6 Dodging
 + Level 2.4 Stealth
 + Level 0.5 Unarmed Combat
 + Level 4.9 Spellcasting


You couldn't memorise any spells.
You knew the following spells:

 Your Spells              Type           Power      Damage    Failure   Level
a - Freeze                Ice            88%        1d10      1%          1
b - Frozen Ramparts       Ice            44%        1d6       5%          3
c - Ozocubu's Armour      Ice            22%        N/A       5%          3
d - Hailstorm             Conj/Ice       22%        3d7       17%         4
e - Magic Dart            Conj           88%        1d7       1%          1
f - Searing Ray           Conj           44%        2d6       2%          2
Your spell library was empty.

Dungeon Overview and Level Annotations

Branches:
Dungeon (3/15)

Altars:

Annotations:
D:3 Grinder


Innate Abilities, Weirdness & Mutations

You are immune to sickness and miasma.
You are immune to poison.
Your flesh is very heat resistant. (rF++)
You are vulnerable to cold. (rC-)
You float through the air rather than walking.
You learn spells naturally, not from books.
Your magical power is your life essence.
You have superior vitality. (+4 MHP)


Message History

Confirm with . or Enter, or press ? or * to list all spells.
Aiming: Freeze (safe; 1% risk of failure)
Press: ? - help, Shift-Dir - straight line, f/p - Grinder
Aim: Grinder (severely wounded)
You freeze Grinder.
Grinder resists.
Grinder is severely wounded.
The frozen ramparts melt away.
Grinder hits you.
Casting: Freeze (safe; 1% risk of failure)
Confirm with . or Enter, or press ? or * to list all spells.
Casting: Frozen Ramparts (dangerous; 5% risk of failure)
Press: ? - help, Dir - look around, f - activate An open door.
The walls around you are covered in ice.
Grinder resists.
The wall freezes Grinder.
Grinder hits you!
You writhe in agony.
* * * LOW HITPOINT WARNING * * *
Casting: Frozen Ramparts (dangerous; 5% risk of failure)
Confirm with . or Enter, or press ? or * to list all spells.
Aiming: Freeze (safe; 1% risk of failure)
Press: ? - help, Shift-Dir - straight line, f - Grinder
Aim: Grinder (severely wounded)
You freeze Grinder.
Grinder resists.
Grinder is severely wounded.
* * * LOW HITPOINT WARNING * * *
Grinder completely resists.
The wall freezes Grinder but does no damage.
Grinder hits you.
* * * LOW HITPOINT WARNING * * *
You writhe in agony.
* * * LOW HITPOINT WARNING * * *
Casting: Freeze (safe; 1% risk of failure)
Confirm with . or Enter, or press ? or * to list all spells.
Aiming: Freeze (safe; 1% risk of failure)
Press: ? - help, Shift-Dir - straight line, f/p - Grinder
Aim: Grinder (severely wounded)
You freeze Grinder.
Grinder resists.
Grinder is severely wounded.
* * * LOW HITPOINT WARNING * * *
Grinder resists.
The wall freezes Grinder.
Grinder hits you!
You die...

......# #.....#
#.....# #.?...# #
#.# #.?...# #. #.#
#.....# #.###.#
#.....# #.....#
####5## . #.....#
#####@## .###.....#
#......#
.........###......#
#.##.......)......#
..................#
..................#
.............###'##
.................#
..##.#'####......#


You could see Grinder.

Vanquished Creatures
  A scorpion (D:2)
  3 jellies (D:2)
  A worm (D:2)
  2 dart slugs
  3 bats
  10 endoplasms
  A giant cockroach (D:2)
  3 goblins
  4 hobgoblins
  4 jackals (D:1)
  9 kobolds
  A quokka (D:1)
  A ball python (D:1)
  7 frilled lizards
  A rat (D:1)
51 creatures vanquished.

Vanquished Creatures (others)
  A fungus (D:2)
  9 toadstools (D:2)
10 creatures vanquished.

Grand Total: 61 creatures vanquished

Notes
Turn   | Place    | Note
-------+----------+-------------------------------------------
     0 | D:1      | 101zpm the Djinni Ice Elementalist began the quest for the
                  | Orb.
     0 | D:1      | Reached XP level 1. HP: 15/15 MP: 0/0
   172 | D:2      | Noticed a scorpion
   419 | D:1      | Reached XP level 2. HP: 20/21 MP: 0/0
   426 | D:1      | Found a faded altar of an unknown god.
   899 | D:1      | Reached XP level 3. HP: 17/26 MP: 0/0
   899 | D:1      | Learned a level 1 spell: Magic Dart
  1888 | D:2      | Killed a scorpion
  1889 | D:2      | Reached skill level 4 in Spellcasting
  1889 | D:2      | Reached XP level 4. HP: 21/31 MP: 0/0
  2239 | D:2      | Reached XP level 5. HP: 27/36 MP: 0/0
  2239 | D:2      | Learned a level 2 spell: Searing Ray
  3036 | D:2      | Reached XP level 6. HP: 21/41 MP: 0/0
  3044 | D:2      | HP: 1/41 [frozen (7)]
  4118 | D:3      | Noticed Grinder
  4439 | D:3      | Paralysed by Grinder for 3 turns
  4445 | D:3      | Slain by Grinder

Illustrated notes

Levels and vault maps discovered:
D:1:      tarquinn_simple_flora_water_f, layout_rooms,
          hellmonk_ecumenical_altar_crossroads, grunt_decor_one_mirror
D:2:      cheibrodos_fertilizer, layout_loops_ring, minmay_lizard_pond
D:3:      layout_basic, uniq_grinder, uniq_jessica

Skill      XL: |  1  2  3 |
---------------+----------+-----
Stealth        | 2 |  2.4
Spellcasting   | 4 |  4.9
Fighting       | |  0.7
Dodging        | |  2.6
Unarmed Combat | |  0.5

Action                   |  1- 3 |  4- 6 || total
-------------------------+-------+-------++-------
Melee: Unarmed           |    13 |       ||    13
 Cast: Freeze            |    23 |     4 ||    27
       Magic Dart        |    20 |    54 ||    74
       Frozen Ramparts   |     2 |    10 ||    12
Armor: Robe              |     5 |     1 ||     6
Dodge: Dodged            |    18 |     6 ||    24
